 Dungeon Crawl Stone Soup version 0.24.0-5-g267a8d59f4 (webtiles) character file.

Game seed: 3619797104139185996, levelgen mode: deterministic

40 Aelig the Stinger (level 3, 0/28 HPs)
             Began as a Naga Venom Mage on Nov 1, 2019.
             Slain by a jackal (2 damage)
             ... on level 2 of the Dungeon.
             The game lasted 00:04:58 (1582 turns).

Aelig the Stinger (Naga Venom Mage)                 Turns: 1582, Time: 00:04:58

Health: 0/28       AC:  2    Str: 10    XL:     3   Next: 50%
Magic:  0/6        EV:  9    Int: 16    God:
Gold:   95         SH:  3    Dex: 11    Spells: 3/6 levels left

rFire    . . .     SeeInvis +   (no weapon)
rCold    . . .     Gourm    .   e - +0 buckler
rNeg     . . .     Faith    .   a - +0 robe
rPois    +         Spirit   .   (no helmet)
rElec    .         Reflect  .   (no cloak)
rCorr    .         Harm     .   (no gloves)
MR       .....                  (no barding)
Stlth    ++........             (no amulet)
HPRegen  0.09/turn              (no ring)
MPRegen  0.10/turn              (no ring)

@: very slightly contaminated, very slow
A: large, see invisible, deformed body, poison resistance, slowness 2, slow
metabolism 1, spit poison 1, AC +1
a: Spit Poison


You were on level 2 of the Dungeon.
You were not hungry.

You visited 1 branch of the dungeon, and saw 2 of its levels.

You collected 95 gold pieces.

Inventory:

Armour
 a - a +0 robe (worn)
 e - a +0 buckler (worn)
Scrolls
 b - a scroll of teleportation {unknown}
 g - a scroll of fog {unknown}
 h - a scroll of immolation {unknown}
 i - 2 scrolls of remove curse {unknown}
Potions
 d - a potion of brilliance
Comestibles
 c - 3 rations
 f - 2 chunks of flesh


   Skills:
 - Level 1.5 Dodging
 + Level 3.9 Stealth
 + Level 0.5 Shields
 - Level 2.0 Spellcasting
 - Level 1.0 Conjurations
 + Level 0.7 Air Magic
 * Level 5.0 Poison Magic


You had 3 spell levels left.
You knew the following spells:

 Your Spells              Type           Power        Failure   Level  Hunger
a - Sting                 Conj/Pois      ##..         9%          1    #......
b - Poisonous Vapours     Pois/Air       ##....       14%         2    ###....

Your spell library contained the following spells:

 Spells                   Type           Power        Failure   Level  Hunger
 Mephitic Cloud           Conj/Pois/Air  #.......     34%         3    ###....
 Olgreb's Toxic Radiance  Pois           ###.....     36%         4    #####..
 Venom Bolt               Conj/Pois      ##........   94%         5    ######.


Dungeon Overview and Level Annotations

Branches:
Dungeon (2/15)

Altars:


Innate Abilities, Weirdness & Mutations

You cannot wear boots.
Your serpentine skin is tough. (AC +1)
You have supernaturally acute eyesight. (SInv)
Armour fits poorly on your strangely shaped body.
Your system is resistant to poisons. (rPois)
You cover ground very slowly.
You have a slow metabolism.
You can spit poison.


Message History

You hit the jackal but do no damage.
The jackal is almost dead.
The jackal barely misses you.
You hit the jackal but do no damage.
The jackal is almost dead.
The jackal bites you.
* * * LOW HITPOINT WARNING * * *
You hit the jackal but do no damage.
The jackal is almost dead.
The jackal bites you.
* * * LOW HITPOINT WARNING * * *
The jackal barely misses you.
You barely miss the jackal.
The jackal is almost dead.
The jackal bites you.
* * * LOW HITPOINT WARNING * * *
You closely miss the jackal.
The jackal is almost dead.
The jackal bites you.
You die...

### ..# ..## #..
...# .†# ...# #.#
#.#... #†# ###
#.##.# #h# ..
#.##.###@#
#.####.##........#
#.... ..#........#
#.#.# #.#.##.###.#
#...# #.#.##.###.###
#...###.............
#.....).#.#...##.###
#.......#......#.#
#......##.#...##.#


You could see a jackal.

Vanquished Creatures
  An ooze (D:1)
  4 bats (D:1)
  3 giant cockroaches (D:1)
  3 goblins (D:1)
  4 hobgoblins
  5 jackals
  6 kobolds (D:1)
  2 frilled lizards (D:1)
  3 rats (D:1)
31 creatures vanquished.

Notes
Turn   | Place    | Note
-------+----------+-------------------------------------------
     0 | D:1      | Aelig the Naga Venom Mage began the quest for the Orb.
     0 | D:1      | Reached XP level 1. HP: 15/15 MP: 3/3
    65 | D:1      | Reached XP level 2. HP: 11/22 MP: 1/5
   364 | D:1      | Learned a level 2 spell: Poisonous Vapours
   642 | D:1      | HP: 1/22 [jackal (2)]
   644 | D:1      | Reached XP level 3. HP: 1/28 MP: 2/6
  1176 | D:1      | Reached skill level 5 in Poison Magic
  1582 | D:2      | Slain by a jackal

Levels and vault maps discovered:
D:1:      elethiomel_arrival_quiet, layout_loops_ring
D:2:      layout_loops_corners, zin_angel, chequers_ecumenical_altar_twisty,
          serial_forest, infiniplex_forest_zigzag_2,
          infiniplex_forest_clump_long, infiniplex_forest_end_2,
          infiniplex_forest_straight_4, infiniplex_forest_clump_tiny,
          infiniplex_forest_straight_1, uniq_crazy_yiuf_cottage

Skill      XL: |  1  2  3 |
---------------+----------+-----
Poison Magic   | 5 |  5.0
Dodging        | |  1.5
Stealth        | |  3.9
Shields        | |  0.5
Spellcasting   | |  2.0
Conjurations   | |  1.0
Air Magic      | |  0.7

Action                   || total
-------------------------++-------
Melee: Unarmed           ||    66
 Cast: Sting             ||    58
       Poisonous Vapours ||     2
  Use: Potion            ||     2
  Eat: Chunk             ||     2
Armor: Robe              ||    13
Dodge: Dodged            ||    51
Block: Buckler           ||     9
